cohdb
Replays
Latest Replays
All Replays
Popular Replays
Top Player Replays
Match Explorer
How It Works
Community
CoH3 Stats
Reddit
Sign in to upload your games and track your stats! →
Sign in with Steam
Match 42530765
Unlisted
Match 42530765
Overview
Messages
Build Orders
End
Construct Barracks
Selects Armored Battlegroup
Selects Veteran Crews
Riflemen Squad
1⁄4-ton 4x4 Truck
Riflemen Squad
Grenade Package
Riflemen Squad
Mechanized Support Center
Construct Weapon Support Center
Selects Fast Deploy
Designate Forward Repair Station
M3 Armored Personnel Carrier
M3 Armored Personnel Carrier
Engineer Squad
Forward Retreat Point
Selects Seek and Destroy
Construct Tank Depot
Selects UNKNOWN (2160077)
Riflemen Squad
Scout Squad
Selects M31 Recovery Vehicle
M4(105) Sherman Bulldozer
M31 Recovery Vehicle
Selects War Machine
M1918 Browning Automatic Rifles
M18 Hellcat Tank Destroyer
soy_migueleitro
Strider_perc
KevinTDW
oaksanti13
BigShoota
艾西西233
Jowakes
XeraythaLevi
0
0
Comments
sign in to comment!
No comments posted yet!